puck, lawful female human Valkyrie --- ---- ------ . .. |....| |.- ---------- -.. |....| |.| |...|....| +.. |....| |.| |...|... |.. |<..).######)# |.- |----|...||------|. --.--- # |. ..|..|...|.|..|..|.------ ## #(# |.----.|..|-|--.|..|..|.-...%| # # |.|..-.-|--..{..-|-|..|.|.._.| ### ### |.|. |.............-|--.|....| # ### |.|---|---.----|--......|....| # # ###|.|((|...|.+ |..|--|--------- # ### #..|.(|@@(|.| |..|....| ------.---- # |.|..|(m(|.---|..|....| |.........-##########%.-|------..{.---------+------ | |.......%.| # |..%...........................| |..........## -------------------------------- ----------- puck the Skirmisher Experience level: 5 Strength: 19 Dexterity: 12 Constitution: 18 Intelligence: 8 Wisdom: 9 Charisma: 9 Health: 0(40) Energy: 6(6) Def: 10 Gold: 187 Moves: 1326 Dungeon seed: OkWzDQZxhZXVGIJA Game ID: puck_1559402448 Your Inventory: Coins $ - 187 gold pieces Weapons a - an uncursed +1 long sword (weapon in hand) b - a blessed +0 dagger j - an uncursed +0 orcish dagger x - 5 uncursed +0 daggers Armor e - an uncursed +3 small shield (being worn) n - an uncursed +2 dwarvish cloak (being worn) q - an uncursed +0 dwarvish iron helm (being worn) y - an uncursed +0 pair of iron shoes (being worn) Comestibles c - 6 uncursed food rations f - an uncursed tripe ration g - an uncursed fortune cookie k - an uncursed candy bar w - an uncursed lichen corpse Potions h - a blessed potion of sleeping l - an uncursed potion of gain energy m - an uncursed potion of object detection o - an uncursed potion of healing r - a blessed potion of hallucination t - a cursed potion of object detection Scrolls s - 2 uncursed scrolls of magic mapping Rings p - an uncursed ring of warning Wands v - an uncursed wand of striking (0:2) Tools d - an uncursed oil lamp (0:1130) u - an uncursed oil lamp (0:1392) z - 7 uncursed wax candles (0:400) A - an uncursed skeleton key Spells and supernatural/magical abilities: Name Level Category Cost Memory W - pray for help -- divine ? -- Your skills at the end: Fighting Skills wands [Basic] Weapon Skills dagger [Basic] long sword [Basic] Spellcasting Skills Final Attributes: You were piously aligned. You were immune to cold. You were stealthy. You were held by a giant mimic. Tyr was noncommittal. You are dead. Vanquished creatures: 4 gnome lords a gnomish wizard 2 dwarves 5 monkeys 2 dwarf zombies 19 gnomes a gnome zombie 2 jackals 2 goblins a lichen a newt 40 creatures vanquished. Voluntary challenges: You used a wielded weapon 47 times, starting on turn 131. You read items or engraved 1 time, starting on turn 1325. You never genocided any monsters. You never polymorphed an object. You never changed form. You used no wishes. You never split a pudding. You never wrote Elbereth's name. You never violated your personal moral code. Dungeon overview: The Dungeons of Doom: levels 1 to 2 Level 1 a sink a long staircase Level 2 a vault stairs to The Gnomish Mines The Gnomish Mines: levels 3 to 5 Level 3 stairs to The Dungeons of Doom Level 4 Level 5 <- You were here some shops, a temple to Loki, some fountains History has recorded: On T:1 you entered the Dungeons of Doom to retrieve the Amulet of Yendor! On T:314 you reached level 2 of The Dungeons of Doom. On T:441 you reached level 1 of The Gnomish Mines. On T:461 you advanced to experience level 2. On T:546 you advanced to experience level 3. On T:602 you advanced to experience level 4. On T:667 you reached level 2 of The Gnomish Mines. On T:858 you advanced to experience level 5. On T:927 you reached level 3 of The Gnomish Mines. Score breakdown: Gold: 187 ( 7735 points) Experience: 5 levels (11141 points) Exploration: 5 levels ( 10.42%) ( 8751 points) Discoveries: 3 items ( 1.20%) ( 3286 points) Valuables value: (no points given unless you survive) Artifact value: 0 ( 0 points) Variety of kills: 11 monsters ( 2.89%) ( 5104 points) Turncount: 1326 turns ( 0 points) Survival: died (score multiplied by 80%) Total score: 28813 Latest messages: You see here a brass lantern (16 zorkmids). You see here a wax candle (26 zorkmids). Wait! That's a giant mimic! The giant mimic hits! (2x) You hit the giant mimic! You miss the giant mimic. Please move the cursor to an unknown object. A giant mimic, holding you on the floor of a room. Done. Please move the cursor to an unknown object. A giant mimic, holding you on the floor of a room. Done. You write in the dust with your fingers. Something is written here in the dust. You read: "Elber&th". You see here a wax candle (26 zorkmids) {2}. You cannot escape from the giant mimic! The giant mimic hits! (2x) You die... Izchak gratefully inherits all your possessions. Final status: Farvel puck the Valkyrie, killed by a giant mimic... You died in The Gnomish Mines on dungeon level 5 with 28813 points, and 187 pieces of gold, after 1326 moves. You were level 5 with a maximum of 40 hit points when you died.